 Dungeon Crawl Stone Soup version 0.32-a0-700-g9bfe03f (webtiles) character file.

Game seed: 2179046525047892230

2702 Toastz the Jinx (level 9, 0/42 HPs)
             Began as a Vine Stalker Enchanter on Mar 13, 2024.
             Was a Follower of Uskayaw.
             Killed from afar by Maggie (11 damage)
             ... with a bolt of fire
             ... on level 6 of the Dungeon.
             The game lasted 00:18:25 (5400 turns).

Toastz the Jinx (Vine Stalker Enchanter)            Turns: 5400, Time: 00:18:25

Health: 0/42       AC:  7    Str: 11    XL:     9   Next: 65%
Magic:  0/13       EV: 13    Int: 19    God:    Uskayaw [*.....]
Gold:   454        SH:  0    Dex: 15    Spells: 1/12 levels left

rFire   . . .        a - +1 dagger
rCold   + . .        (no shield)
rNeg    . . .        o - +2 robe {rC+}
rPois   .            (no helmet)
rElec   .            (no cloak)
rCorr   .            (no gloves)
SInv    .            h - +2 pair of boots
Will    +....        t - amulet of magic regeneration
Stlth   ++++         b - ring of wizardry
HPRegen 1.07/turn    (no ring)
MPRegen 0.53/turn

%: guardian spirit, wizardry (x1)
@: about to teleport, mesmerised
A: fangs 3, regeneration 1, magic shield, antimagic bite, no potion heal 2
a: Renounce Religion, Stomp


You were on level 6 of the Dungeon.
You worshipped Uskayaw.
Uskayaw was noncommittal.
You visited 2 branches of the dungeon, and saw 7 of its levels.
You also visited: Ossuary.

You collected 454 gold pieces.

Inventory:

Hand Weapons
 a - a +1 dagger (weapon)
Missiles
 f - a throwing net (quivered)
 q - 33 poisoned darts
Armour
 h - a +2 pair of boots (worn)
 j - a +0 buckler
 o - a +2 robe of cold resistance (worn)
Jewellery
 b - a ring of wizardry (left hand)
 t - an amulet of magic regeneration (around neck)
Wands
 y - a wand of flame (8)
 z - a wand of mindburst (9)
Scrolls
 g - 3 scrolls of teleportation
 i - 2 scrolls of amnesia
 k - 6 scrolls of noise
 l - 2 scrolls of summoning
 m - 2 scrolls of poison
 n - 4 scrolls of blinking {unknown}
 r - 2 scrolls of immolation
 s - 5 scrolls of revelation
 v - a scroll of fog {unknown}
 x - a scroll of enchant armour {unknown}
 C - a scroll of vulnerability {unknown}
Potions
 c - 3 potions of invisibility
 e - 3 potions of brilliance
 p - 2 potions of curing {unknown}
 u - 4 potions of enlightenment
 w - 2 potions of berserk rage {unknown}
 B - a potion of resistance {unknown}
 D - a potion of cancellation {unknown}
 E - a potion of lignification {unknown}


   Skills:
 + Level 2.1 Fighting
 + Level 5.0 Short Blades
 + Level 4.7 Dodging
 - Level 7.3 Stealth
 - Level 2.1 Spellcasting
 + Level 2.1 Conjurations
 * Level 8.5 Hexes
 - Level 2.0 Ice Magic


You had one spell level left.
You knew the following spells:

 Your Spells              Type           Power      Damage    Failure   Level
a - Ensorcelled Hibernat  Hex/Ice        44%        N/A       1%          2
b - Confusing Touch       Hex            34%        N/A       1%          3
c - Tukima's Dance        Hex            34%        N/A       1%          3
d - Dazzling Flash        Conj/Hex       44%        N/A       2%          3

Your spell library contained the following spells:

 Spells                   Type           Power      Damage    Failure   Level
 Kiss of Death            Conj/Necr      24%        2d7       4%          1
 Cause Fear               Hex            17%        N/A       1%          4
 Momentum Strike          Conj/Tloc      12%        3d8       6%          2
 Blink                    Tloc           4%         N/A       11%         2
 Cigotuvi's Dreadful Rot  Necr/Alch/Air  4%         N/A       11%         2
 Lesser Beckoning         Tloc           4%         N/A       11%         2
 Dispel Undead            Necr           2%         3d7       52%         4
 Martyr's Knell           Necr/Summ      2%         N/A       52%         4
 Enfeeble                 Hex            17%        N/A       83%         7


Dungeon Overview and Level Annotations

Branches:
Dungeon (6/15)             Temple (1/1) D:5         Ossuary (visited)

Altars:
Ashenzari
Cheibriados
Elyvilon
Fedhas
Gozag
Hepliaklqana
Kikubaaqudgha
Makhleb
Nemelex Xobeh
Okawaru
Qazlal
Ru
Trog
Uskayaw
Vehumet
Wu Jian
Xom
Zin
The Shining One

Shops:
D:4 (

Annotations:
D:4 1 runed translucent door, Crazy Yiuf
D:6 Maggie


Innate Abilities, Weirdness & Mutations

You have razor-sharp teeth.
Your natural rate of healing is unusually fast.
When hurt, damage is shared between your health and your magic reserves.
Your bite disrupts and absorbs the magic of your enemies.
Potions cannot restore your health.


Message History

Casting: Dazzling Flash (dangerous; 2% risk of failure)
Press: ? - help, Dir - look around, f - activate
Okay, then.
A gnoll comes into view. It is wielding a +0 flail.
The gnoll hits you but does no damage. The gnoll barely misses you.
Maggie hits you from afar with a +0 glaive of flaming!
Maggie burns you.
Casting: Dazzling Flash (dangerous; 2% risk of failure)
Confirm with . or Enter, or press ? or * to list all spells.
Casting: Dazzling Flash (dangerous; 2% risk of failure)
Press: ? - help, Dir - look around, f - activate The gnoll is dazzled.
Maggie is dazzled.
The gnoll hits you but does no damage. The gnoll misses you.
Maggie mumbles some strange words.
You hit the gnoll. Your bite misses the gnoll.
The gnoll is lightly wounded.
The gnoll hits you with a +0 whip.
A gnoll comes into view. It is wielding a +0 club.
You completely miss the gnoll.
The gnoll is severely wounded.
The gnoll hits you with a +0 whip. The gnoll barely misses you.
The gnoll sergeant hits you from afar with a +0 spear.
The gnoll shouts!
You hit the gnoll. Your bite misses the gnoll.
The gnoll is almost dead.
Maggie points at you and mumbles some strange words.
The bolt of fire hits you!!
* * * LOW HITPOINT WARNING * * *
A gnoll comes into view. It is wielding a +0 halberd.
The gnoll sergeant barely misses you.
As you read the scroll of teleportation, it crumbles to dust.
You feel strangely unstable.
The gnoll shouts!
The gnoll is no longer blind.
Maggie gestures at the gnoll while chanting.
The bolt of fire hits the gnoll!!
The gnoll dies!
The bolt of fire hits you!
You die...
Your body falls in perfect tune with the rhythm.

..###>.#..........#
g...................#
....... ...................#
## .......
#..................# ..
.......##..................#
..
.......g....##........[....#
..
...........g...............#
..
...........................#
..
..........g.@g..........####
.. ...........)............#
.. .........@..............#
.. ........................#
........................#
...........#####........#
...........# #.....####
...........# #######
...........#


You could see Maggie (mesmerising, blind, unable to see you), a gnoll sergeant
and 4 gnolls.

Vanquished Creatures
  Grinder (D:5)
  Eustachio (D:5)
  Menkaure (D:5)
  Duvessa (D:5)
  A sky beast (D:6)
  An ogre (D:4)
  2 centaurs
  A kobold brigand (D:6)
  A phantom (D:5)
  A scorpion (D:5)
  A wight (D:6)
  Dowan (D:5)
  A jelly (D:6)
  2 howler monkeys
  A centaur zombie (Ossuary)
  4 hounds
  2 human zombies
  3 bombardier beetles
  A gnoll bouda (D:6)
  Ijyb (D:5)
  A sleepcap (D:5)
  A human skeleton (D:6)
  An iguana (D:6)
  An orc wizard (D:4)
  4 ogre zombies (Ossuary)
  7 mummies (Ossuary)
  13 gnolls
  6 adders
  5 adder zombies (Ossuary)
  3 dart slugs
  A ribbon worm (D:2)
  18 orcs
  2 ball pythons (D:4)
  3 endoplasms
  A giant cockroach (D:2)
  4 goblins
  9 hobgoblins
  10 jackals
  3 quokkas
  2 bats
  5 frilled lizards
  A gnoll zombie (Ossuary)
  3 goblin zombies (Ossuary)
  5 hobgoblin zombies (Ossuary)
  15 kobolds
  2 kobold zombies (Ossuary)
  5 quokka zombies (Ossuary)
  4 rats
  3 rat zombies (Ossuary)
166 creatures vanquished.

Vanquished Creatures (collateral kills)
  Edmund (D:5)
  An ogre (D:6)
  3 wights (D:6)
  A jelly (D:5)
  5 gnolls
11 creatures vanquished.

Vanquished Creatures (others)
  3 dancing weapons
  A gnoll (D:6)
4 creatures vanquished.

Grand Total: 181 creatures vanquished

Notes
Turn   | Place    | Note
-------+----------+-------------------------------------------
     0 | D:1      | Toastz the Vine Stalker Enchanter began the quest for the
                  | Orb.
     0 | D:1      | Reached XP level 1. HP: 9/9 MP: 4/4
   142 | D:1      | Reached skill level 1 in Short Blades
   250 | D:1      | Reached XP level 2. HP: 13/13 MP: 1/6
   338 | D:1      | Learned a level 2 spell: Ensorcelled Hibernation
   870 | D:2      | Reached XP level 3. HP: 15/16 MP: 5/7
   919 | D:2      | Learned a level 3 spell: Confusing Touch
  1288 | D:2      | Got the Omnibus of Alluring Battle Magic
  1307 | D:2      | Reached XP level 4. HP: 21/21 MP: 8/8
  1459 | D:2      | Reached skill level 1 in Ice Magic
  2326 | D:4      | Reached skill level 4 in Hexes
  2326 | D:4      | Reached XP level 5. HP: 24/24 MP: 5/9
  2343 | D:4      | Learned a level 3 spell: Tukima's Dance
  2391 | D:4      | Noticed an ogre
  2405 | D:4      | Killed an ogre
  2406 | D:4      | Reached XP level 6. HP: 28/28 MP: 2/10
  2726 | D:4      | Reached skill level 5 in Stealth
  2839 | D:4      | Found Plog's Weapon Shop.
  3238 | D:4      | Found a runed translucent door.
  3239 | D:4      | Noticed Crazy Yiuf
  3293 | D:5      | Entered Level 5 of the Dungeon
  3296 | D:5      | Noticed Menkaure
  3321 | D:5      | Killed Menkaure
  3322 | D:5      | Reached skill level 5 in Hexes
  3322 | D:5      | Reached XP level 7. HP: 32/32 MP: 9/11
  3498 | D:5      | Noticed Edmund
  3514 | D:5      | Killed Edmund
  3556 | D:5      | Reached skill level 6 in Hexes
  3612 | D:5      | Gained mutation: You have razor-sharp teeth. [Vine Stalker
                  | growth]
  3612 | D:5      | Reached XP level 8. HP: 36/36 MP: 12/12
  3613 | D:5      | Noticed Duvessa
  3614 | D:5      | Found an ornate altar of the Wu Jian Council.
  3614 | D:5      | Noticed Dowan
  3617 | D:5      | Killed Duvessa
  3627 | D:5      | Killed Dowan
  3666 | D:5      | Found a hide-covered altar of Uskayaw.
  3693 | D:5      | Found a staircase to the Ecumenical Temple.
  3704 | Temple   | Entered the Ecumenical Temple
  3737 | D:5      | Became a worshipper of Uskayaw the Reveller
  3788 | D:5      | Noticed Grinder
  3792 | D:5      | Paralysed by Grinder for 3 turns
  3810 | D:5      | Noticed Ijyb
  3817 | D:5      | Killed Ijyb
  3824 | D:5      | Reached * piety under Uskayaw
  3899 | D:5      | Reached ** piety under Uskayaw
  3907 | D:5      | Reached *** piety under Uskayaw
  3912 | D:5      | Found an opulent altar of Gozag.
  3922 | D:5      | Killed Grinder
  3922 | D:5      | Reached **** piety under Uskayaw
  3935 | D:5      | Found a snail-covered altar of Cheibriados.
  3949 | D:5      | Noticed Eustachio
  3955 | D:5      | Killed Eustachio
  3956 | D:5      | Reached skill level 7 in Hexes
  4174 | D:6      | Reached XP level 9. HP: 39/39 MP: 13/13
  4197 | D:6      | Found a sand-covered staircase.
  4214 | D:6      | Learned a level 3 spell: Dazzling Flash
  4238 | Ossuary  | Entered an ossuary
  4639 | Ossuary  | Reached skill level 1 in Fighting
  4707 | Ossuary  | Reached skill level 1 in Conjurations
  4969 | D:6      | Noticed Maggie
  4995 | D:6      | Reached skill level 8 in Hexes
  5285 | D:6      | Reached skill level 5 in Short Blades
  5400 | D:6      | Killed from afar by Maggie

Illustrated notes

Levels and vault maps discovered:
D:1:      minmay_arrival_radiant_lines, layout_loops_ring
D:2:      layout_loops_cross, chequers_serial_rivers_small_a
D:3:      layout_loops_ring
D:4:      layout_basic, serial_shops, shop, hex_tiny, hex_large,
          kennysheep_nondescript, uniq_crazy_yiuf_cottage
D:5:      layout_rooms, nicolae_overflow_quartered_altars,
          minmay_temple_entry_gardened_gates, uniq_menkaure, uniq_grinder,
          uniq_duvessa, uniq_eustachio, uniq_edmund, uniq_ijyb
D:6:      layout_basic, nicolae_ossuary_entry_catacombs, nicolae_grassy_gnolls,
          uniq_maggie
Temple:   nicolae_temple_no_exploring_needed

Skill      XL: |  1  2  3  4  5  6  7  8  9 |
---------------+----------------------------+-----
Short Blades   | 1 2 3 4 5 |  5.0
Stealth        | 4 5 6 7 |  7.3
Dodging        | 2 3 4 |  4.7
Ice Magic      | 1 2 |  2.0
Hexes          | 4 5 6 7 8 |  8.5
Fighting       | 2 |  2.1
Conjurations   | 2 |  2.1
Spellcasting   | |  2.1

Action                     |  1- 3 |  4- 6 |  7- 9 || total
---------------------------+-------+-------+-------++-------
  Melee: Dagger            |    93 |   150 |   310 ||   553
         Bite              |    16 |    46 |   111 ||   173
   Cast: Ensorcelled Hiber |     6 |     9 |    33 ||    48
         Tukima's Dance    |       |     2 |    11 ||    13
         Confusing Touch   |       |     1 |    15 ||    16
         Dazzling Flash    |       |       |     6 ||     6
    Use: Scroll            |     1 |       |    10 ||    11
   Stab: Sleeping          |     7 |    11 |    38 ||    56
         Distracted        |     1 |       |       ||     1
         Confused          |       |       |    13 ||    13
         Paralysed         |       |       |     2 ||     2
         Invisible         |       |       |     5 ||     5
 Armour: Robe              |    53 |    66 |   166 ||   285
  Dodge: Dodged            |    51 |    65 |   170 ||   286

Table legend: (Time is in decaauts)
 A = Elapsed time spent in this place.
 B = Non-inter-level travel time spent in this place.
 C = Inter-level travel time spent in this place.
 D = Time resting spent in this place.
 E = Time spent auto-exploring this place.
 F = Levels seen in this place.
 G = Mean time per level.
                   A        B        C        D        E       F      G
               +--------+--------+--------+--------+--------+-----+--------+
         Total |   5315 |   5061 |    254 |    186 |   3357 |   8 |  664.4 |
       Dungeon |   4766 |   4513 |    253 |    165 |   3097 |   6 |  794.3 |
        Temple |      1 |      0 |      1 |      0 |      0 |   1 |    1.0 |
       Ossuary |    547 |    547 |      0 |     21 |    260 |   1 |  547.0 |
               +--------+--------+--------+--------+--------+-----+--------+

Top non-repeatable levels by time:
     D:4: 978 daAuts
     D:2: 889 daAuts
     D:5: 836 daAuts
     D:1: 714 daAuts
     D:3: 706 daAuts
     D:6: 640 daAuts
 Ossuary: 547 daAuts
  Temple: 1 daAuts
